 Dungeon Crawl Stone Soup version 0.29-a0-330-g52719c12eb (webtiles) character file.

Game seed: 1129424922162568464

22990 kae the Arsonist (level 12, -1/103 HPs)
             Began as a Demigod Fire Elementalist on May 13, 2022.
             Slain by a yak (12 damage)
             ... on level 3 of the Lair of Beasts.
             The game lasted 00:17:59 (21761 turns).

kae the Arsonist (Demigod Fire Elementalist)       Turns: 21761, Time: 00:18:00

Health: -1/103     AC: 13    Str:  9    XL:     12   Next: 35%
Magic:  6/28       EV: 15    Int: 33    God:
Gold:   911        SH:  4    Dex: 14    Spells: 14/27 levels left

rFire   + . .      SeeInvis .   d - +3 dagger (venom)
rCold   x . .      Faith    .   K - +0 buckler
rNeg    . . .      Spirit   .   n - +0 steam dragon scales
rPois   .          Reflect  .   p - +1 helmet
rElec   .          Harm     .   q - +0 cloak
rCorr   +          Rampage  .   s - +0 pair of gloves of Idealism {rCorr Stlth+}
Will    +....                   (no boots)
Stlth   +++.......              (no amulet)
HPRegen 0.27/turn               g - +4 ring of protection
MPRegen 0.21/turn               t - ring of fire

@: no status effects
A: high MP 1, forlorn, divine attributes
a: no special abilities


You were on level 3 of the Lair of Beasts.
You visited 2 branches of the dungeon, and saw 14 of its levels.
You also visited: Ossuary and Bailey.

You collected 911 gold pieces.

Inventory:

Hand Weapons
 d - a +3 dagger of venom (weapon)
 i - a +0 spectral whip
Armour
 n - +0 steam dragon scales (worn)
 p - a +1 helmet (worn)
 q - a +0 cloak (worn)
 s - the +0 pair of gloves of Idealism (worn) {rCorr Stlth+}
   (You found it on level 6 of the Dungeon)

   rCorr:     It protects you from acid and corrosion.
   Stlth:     It makes you more stealthy.
 K - a +0 buckler (worn)
Jewellery
 g - a +4 ring of protection (left hand)
 t - a ring of fire (right hand)
 w - a ring of magical power
 D - a +6 ring of dexterity
 E - a +4 ring of protection
 J - a ring of flight
 L - a ring of protection from fire
 N - a +6 ring of intelligence
Wands
 c - a wand of polymorph (11)
 x - a wand of charming (9)
 y - a wand of mindburst (8)
 z - a wand of paralysis (5)
 G - a wand of iceblast (17)
Scrolls
 f - 4 scrolls of enchant armour
 j - 5 scrolls of fog
 k - 2 scrolls of immolation
 m - 3 scrolls of fear
 r - 11 scrolls of identify
 C - 4 scrolls of teleportation
 F - a scroll of summoning
 M - a scroll of enchant weapon
 O - a scroll of brand weapon
Potions
 a - a potion of ambrosia
 b - a potion of magic
 e - 2 potions of attraction
 h - 15 potions of degeneration
 l - 8 potions of curing
 o - 5 potions of flight
 u - 2 potions of heal wounds
 v - a potion of haste
 A - 4 potions of might
 B - a potion of brilliance
 H - 2 potions of lignification
 I - a potion of resistance


   Skills:
 + Level 8.7 Fighting
 + Level 2.3 Armour
 + Level 9.0 Dodging
 - Level 1.7 Stealth
 + Level 2.3 Shields
 + Level 8.2 Spellcasting
 + Level 8.8 Conjurations
 + Level 9.2 Fire Magic


You had 14 spell levels left.
You knew the following spells:

 Your Spells              Type           Power      Damage    Failure   Level
a - Foxfire               Conj/Fire      100%       2x1d9     1%          1
b - Scorch                Fire           100%       2d10      1%          2
c - Conjure Flame         Conj/Fire      83%        6-21      1%          3
d - Inner Flame           Hex/Fire       60%        N/A       1%          3
e - Flame Wave            Conj/Fire      83%        2d14      1%          4

Your spell library contained the following spells:

 Spells                   Type           Power      Damage    Failure   Level
 Call Canine Familiar     Summ           13%        N/A       14%         3
 Portal Projectile        Hex/Tloc       26%        N/A       14%         3
 Leda's Liquefaction      Hex/Erth       6%         N/A       41%         4
 Summon Forest            Summ/Tloc      6%         N/A       77%         5
 Summon Mana Viper        Hex/Summ       13%        N/A       77%         5
 Summon Cactus Giant      Summ           6%         N/A       100%        6


Dungeon Overview and Level Annotations

Branches:
Dungeon (11/15)            Temple (0/1) D:5            Lair (3/6) D:10
    Orc (0/2) D:10        Ossuary (visited)          Bailey (visited)
  Swamp: Lair:2-4    Shoals: Lair:2-4     Snake: Lair:2-4    Spider: Lair:2-4

Annotations:
D:6 exclusion: boulder beetle
D:10 1 exclusion
D:11 2 transporters
Lair:1 2 transporters


Innate Abilities, Weirdness & Mutations

You have an increased reservoir of magic. (+10% MP)
You shall have no god before yourself.
Your divine heritage dramatically boosts your attributes as you level up.


Message History

* * * LOW HITPOINT WARNING * * *
You block the killer bee's attack. The yak gores you.
* * * LOW HITPOINT WARNING * * *
The yak closely misses you.
A wave of flame ripples out!
The flame wave engulfs the killer bee.
You kill the killer bee!
The flame wave engulfs the yak.
The yak is heavily wounded.
The flame wave engulfs the killer bee!
The killer bee is heavily wounded.
The flame wave engulfs the yak!
The yak is moderately wounded.
The flame wave engulfs the yak!!
The yak is almost dead.
The flame wave engulfs the killer bee!!
You kill the killer bee!
You hear an angry buzzing noise.
You hear a bellow!
The killer bee misses you. You block the killer bee's attack.
The yak gores you.
* * * LOW HITPOINT WARNING * * *
The yak gores you.
* * * LOW HITPOINT WARNING * * *
The yak closely misses you.
A wave of flame ripples out!
The flame wave engulfs the yak!
The yak is almost dead.
The flame wave engulfs the killer bee!
You kill the killer bee!
The flame wave engulfs the yak!
The yak is severely wounded.
The flame wave engulfs the yak!
You kill the yak!
The flame wave engulfs the yak!!
The yak is heavily wounded.
The flame wave engulfs the killer bee!
The killer bee is heavily wounded.
You finish channelling waves of flame.
You hear an angry buzzing noise.
You hear a loud, deep croak!
A killer bee comes into view.
You block the yak's attack. The yak gores you!
You die...

##.........##
#........## #.......##
#......## ##......#
##.......# ##........##
####.†...<....#
#.#...@......##
#...yYYY.........
######................
.......†.†..............
......>†††..............
........................
......y................
....................
#.................


You could see 3 yaks and 2 killer bees.

Vanquished Creatures
  2 boulder beetles (D:11)
  3 two-headed ogres
  2 death yaks (D:10)
  2 cyclopes
  2 manticores (D:11)
  Maggie (D:10)
  A black mamba (Lair:1)
  7 cane toads
  4 komodo dragons
  A polar bear (Lair:1)
  3 blink frogs (Lair:2)
  A wraith (D:9)
  A vampire (D:5)
  A wyvern (D:10)
  A shadow (D:9)
  2 basilisks
  24 yaks
  Grum (D:8)
  A steam dragon (D:7)
  3 vampire mosquitoes
  A warg (D:10)
  10 water moccasins
  2 black bears
  3 ice beasts
  11 orc warriors
  2 sky beasts
  8 wolves
  An ogre (D:6)
  2 centaurs
  2 phantoms (D:6)
  3 kobold brigands
  3 elf zombies (Ossuary)
  6 bullfrogs
  5 gnoll sergeants
  4 scorpions
  10 wights
  12 killer bees
  2 howler monkeys
  A centaur zombie (Ossuary)
  3 hounds
  3 jellies
  3 human zombies (Ossuary)
  16 orc priests
  3 iguanas
  Jessica (D:3)
  A gnoll shaman (D:7)
  15 orc wizards
  2 mummies (Ossuary)
  Robin (D:3)
  38 gnolls
  11 adders
  3 white imps
  An ufetubus (D:5)
  An adder zombie (Ossuary)
  4 worms
  5 dart slugs
  63 orcs
  7 ball pythons
  9 endoplasms
  4 giant cockroaches
  18 goblins
  9 hobgoblins
  4 jackals
  7 quokkas
  8 bats
  4 frilled lizards
  A goblin zombie (Ossuary)
  9 hobgoblin zombies (Ossuary)
  2 jackal zombies (Ossuary)
  9 kobolds
  8 kobold zombies (Ossuary)
  8 orc zombies (Ossuary)
  8 rats
  A rat zombie (Ossuary)
  3 butterflies (Lair:1)
444 creatures vanquished.

Vanquished Creatures (collateral kills)
  6 foxfires
6 creatures vanquished.

Vanquished Creatures (others)
  An orc warrior (D:10)
  1161 foxfires
  10 fungi
  20 plants
1192 creatures vanquished.

Grand Total: 1642 creatures vanquished

Notes
Turn   | Place    | Note
-------+----------+-------------------------------------------
     0 | D:1      | kae the Demigod Fire Elementalist began the quest for the
                  | Orb.
     0 | D:1      | Reached XP level 1. HP: 14/14 MP: 5/5
   164 | D:1      | Reached skill level 1 in Conjurations
   439 | D:1      | Reached XP level 2. HP: 22/22 MP: 4/7
  1074 | D:1      | Reached XP level 3. HP: 27/27 MP: 5/8
  1194 | D:1      | Reached skill level 1 in Fighting
  1488 | D:2      | Learned a level 2 spell: Scorch
  1492 | D:2      | Learned a level 3 spell: Conjure Flame
  2131 | D:2      | Reached XP level 4. HP: 35/35 MP: 8/10
  2951 | D:3      | Noticed Jessica
  2956 | D:3      | Killed Jessica
  3035 | D:2      | Reached XP level 5. HP: 32/41 MP: 6/11
  3169 | D:3      | Learned a level 3 spell: Inner Flame
  3865 | D:4      | Noticed Robin
  4105 | D:3      | Killed Robin
  4352 | D:4      | Reached XP level 6. HP: 44/48 MP: 13/13
  4870 | D:4      | You fall into a shaft and drop 2 floors!
  4951 | D:5      | Entered Level 5 of the Dungeon
  4955 | D:5      | Noticed a water moccasin
  4970 | D:5      | Found a staircase to the Ecumenical Temple.
  5102 | D:5      | Found a sand-covered staircase.
  5109 | Ossuary  | Entered an ossuary
  5222 | Ossuary  | Reached XP level 7. HP: 56/56 MP: 12/15
  6373 | D:5      | Learned a level 4 spell: Flame Wave
  6638 | D:5      | Identified the +9 shortbow of Rubbish {flame, rElec Dex+3
                  | SInv}
  6673 | D:5      | Reached XP level 8. HP: 50/66 MP: 9/17
  8019 | D:6      | Reached skill level 5 in Fire Magic
  8764 | D:5      | Reached skill level 5 in Dodging
  9085 | D:6      | Identified the +0 pair of gloves of Idealism {rCorr Stlth+}
  9108 | D:6      | Noticed a boulder beetle
  9572 | D:6      | Reached skill level 5 in Conjurations
  9575 | D:6      | Reached XP level 9. HP: 72/73 MP: 8/19
  9717 | D:7      | Reached skill level 5 in Fighting
  9717 | D:7      | Reached skill level 5 in Spellcasting
  9807 | D:7      | Found a flagged portal.
  9882 | Bailey   | Entered a bailey
 10225 | Bailey   | Identified the -5 tower shield of Insurance {Fly Str+6}
 11246 | D:8      | Noticed a two-headed ogre
 11257 | D:8      | Killed a two-headed ogre
 11323 | D:8      | Reached XP level 10. HP: 15/83 MP: 5/22
 11770 | D:8      | Noticed Grum
 11778 | D:8      | Killed Grum
 11966 | D:8      | Paralysed by an orc for 3 turns
 14181 | D:10     | Entered Level 10 of the Dungeon
 14363 | D:10     | Noticed a cyclops
 14379 | D:10     | Killed a cyclops
 14648 | D:10     | Found a staircase to the Orcish Mines.
 14971 | D:10     | Noticed a death yak
 14999 | D:10     | Noticed a death yak
 15186 | D:10     | Noticed Maggie
 15203 | D:10     | Killed Maggie
 15637 | D:10     | Noticed a two-headed ogre
 15651 | D:10     | Killed a two-headed ogre
 15652 | D:10     | Reached XP level 11. HP: 92/92 MP: 12/25
 15754 | D:10     | Found a staircase to the Lair.
 15765 | D:10     | Noticed a death yak
 15799 | D:10     | Killed a death yak
 16003 | D:10     | Killed a death yak
 16458 | D:11     | Noticed a two-headed ogre
 16627 | D:11     | Noticed a boulder beetle
 16860 | D:11     | Killed a boulder beetle
 16976 | D:11     | Killed a two-headed ogre
 17759 | D:11     | Noticed a boulder beetle
 18090 | D:11     | Killed a boulder beetle
 18329 | D:11     | Found a transporter.
 18331 | D:11     | Found a transporter.
 18395 | Lair:1   | Entered Level 1 of the Lair of Beasts
 18574 | Lair:1   | Found a transporter.
 19139 | Lair:1   | Found a transporter.
 19709 | Lair:2   | Reached XP level 12. HP: 22/103 MP: 10/28
 20118 | Lair:2   | Reached skill level 1 in Armour
 20118 | Lair:2   | Reached skill level 1 in Shields
 21761 | Lair:3   | Slain by a yak

Illustrated notes

Levels and vault maps discovered:
D:1:      eino_arrival_cavern_a, layout_loops_corners,
          chequers_ecumenical_altar_island
D:2:      minmay_door_path, layout_basic, minmay_quadrilaterals
D:3:      layout_basic, uniq_jessica
D:4:      layout_cave_pools, uniq_robin
D:5:      layout_loops_ring, minmay_temple_entry_tees, enter_ossuary_1,
          kennysheep_decorative_pillar
D:6:      minmay_opposing_rooms, layout_basic, grunt_ministairs_6
D:7:      layout_rooms, enter_bailey_7
D:8:      layout_basic, cheibriados_altar_1, uniq_grum
D:9:      kennysheep_six_static_rooms, layout_basic
D:10:     layout_loops_ring, dpeg_lair_monsters, david_orc_1_choice,
          grunt_decor_arrowhead, uniq_maggie
D:11:     gammafunk_jiyva_shrine, layout_rooms
Lair:1:   gammafunk_worm_tunnel, layout_gridlike, serial_bayou_shore_a,
          lemuel_fruit_fields
Lair:2:   layout_cave_pods, chequers_serial_rivers_large_a, grunt_megastairs_1
Lair:3:   hangedman_what_comes_after_a, layout_hall_layers, swamp_mist,
          lemuel_centaur_altar

Skill      XL: |  1  2  3  4  5  6  7  8  9 10 11 12 |
---------------+-------------------------------------+-----
Conjurations   | 1 2 3 4 5 6 7 8 |  8.8
Dodging        | 2 3 4 5 6 7 8 9 |  9.0
Spellcasting   | 2 3 4 5 6 7 8 |  8.2
Fire Magic     | 3 4 5 6 7 8 9 |  9.2
Fighting       | 1 2 3 4 6 7 8 |  8.7
Armour         | 2 |  2.3
Shields        | 2 |  2.3
Stealth        | |  1.7

Action                   |  1- 3 |  4- 6 |  7- 9 | 10-12 || total
-------------------------+-------+-------+-------+-------++-------
Melee: Unarmed           |    10 |       |       |       ||    10
       Whip              |     6 |       |       |       ||     6
       Dagger            |     3 |    46 |   101 |    78 ||   228
       Punch             |       |       |     1 |     1 ||     2
 Cast: Foxfire           |    98 |    85 |   284 |   211 ||   678
       Scorch            |     3 |    39 |    52 |    92 ||   186
       Flame Wave        |       |       |     8 |    48 ||    56
       Conjure Flame     |       |       |     1 |    13 ||    14
  Use: Scroll            |     6 |     7 |    11 |     5 ||    29
       Potion            |       |       |     7 |     3 ||    10
 Stab: Sleeping          |       |     5 |       |     2 ||     7
       Distracted        |       |       |     1 |       ||     1
Armor: Robe              |    15 |    57 |   129 |       ||   201
       Skin              |       |       |    44 |       ||    44
       Steam dragon scal |       |       |    13 |   130 ||   143
Dodge: Dodged            |    32 |   119 |   277 |   289 ||   717
Block: Buckler           |       |       |       |    31 ||    31

Table legend: (Time is in decaauts)
 A = Elapsed time spent in this place.
 B = Non-inter-level travel time spent in this place.
 C = Inter-level travel time spent in this place.
 D = Time resting spent in this place.
 E = Time spent auto-exploring this place.
 F = Levels seen in this place.
 G = Mean time per level.
                   A        B        C        D        E       F      G
               +--------+--------+--------+--------+--------+-----+--------+
         Total |  21820 |  21216 |    604 |   2584 |  15030 |  16 | 1363.8 |
       Dungeon |  16384 |  15853 |    531 |   2388 |  10801 |  11 | 1489.5 |
          Lair |   3393 |   3320 |     73 |     86 |   2882 |   3 | 1131.0 |
       Ossuary |   1256 |   1256 |      0 |     96 |    774 |   1 | 1256.0 |
        Bailey |    786 |    786 |      0 |     14 |    573 |   1 |  786.0 |
               +--------+--------+--------+--------+--------+-----+--------+

Top non-repeatable levels by time:
    D:10: 2564 daAuts
  Lair:2: 2146 daAuts
     D:9: 1762 daAuts
     D:5: 1699 daAuts
     D:2: 1576 daAuts
     D:8: 1539 daAuts
     D:6: 1501 daAuts
     D:1: 1462 daAuts
    D:11: 1328 daAuts
     D:3: 1287 daAuts
 Ossuary: 1256 daAuts
  Lair:1: 1172 daAuts
     D:4: 862 daAuts
     D:7: 799 daAuts
  Bailey: 786 daAuts
